AoeStats
← richarddf123

Four Lakes

509498627Analyzed
1v1 RM · 4d ago on Sep 27, 2026· 31m 25s· 2 players
Game mode
Random Map
Map size
Tiny (2 player)
Population
200
Speed
Normal
Resources
Standard
Victory
Conquest
Starting age
Dark Age
Ending age
Imperial Age
RankedLock teamsTeams togetherTeam positionsShared explorationLock speedFull tech treeHidden civsTurbo modeCheats
Victory
Defeat
🇺🇸 Teutons · United States
826
+15
🇺🇸 Franks · United States
795
-15
richarddf123
9:55 Feudal Age
8:11 Loom
21:46 Castle Age
Me
6:05 Loom
13:48 Feudal Age
15:09 Wheelbarrow
14:24 Double-Bit Axe
14:21 Horse Collar
20:09 Castle Age
17:56 Fishing Lines
19:23 Forging
19:16 Scale Mail Armor
19:25 Stone Mining
19:27 Gold Mining
21:34 Hand Cart
23:17 Stone Shaft Mining
23:19 Gillnets
26:14 Bow Saw
26:08 Heavy Plow
26:29 Town Watch
27:24 Fletching
31:56 Bodkin Arrow
Connection lost

Rejoining the realm…

Still unreachable

The connection could not be restored.

Session expired

The server has moved on; the page needs a fresh start.